 Dungeon Crawl Stone Soup version 0.19.1 (webtiles) character file.

62 Ice the Cutter (level 3, 0/22 HPs)
             Began as a Deep Elf Chaos Knight on Nov 29, 2016.
             Slain by a ball python (2 damage)
             ... on level 2 of the Dungeon.
             The game lasted 00:11:33 (1266 turns).

Ice the Cutter (Deep Elf Chaos Knight)              Turns: 1266, Time: 00:11:33

Health: 0/22       AC:  5    Str: 10    XL:     3   Next: 85%
Magic:  5/5        EV: 12    Int: 16    God:    Xom [..*...]
Gold:   85         SH:  0    Dex: 14    Spells: 0 memorised, 2 levels left

rFire  . . .     SeeInvis .     a - +0 short sword (chaos)
rCold  . . .     Gourm    .     b - +2 leather armour
rNeg   . . .     Faith    .     (no shield)
rPois  .         Spirit   .     (no helmet)
rElec  .         Reflect  .     (no cloak)
rCorr  .         Harm     .     (no gloves)
MR     .....                    (no boots)
Stlth  +.........               (no amulet)
                                (no ring)
                                (no ring)

@: no status effects
A: no striking features
a: Renounce Religion


You were on level 2 of the Dungeon.
You worshipped Xom.
You were a toy of Xom.
You were not hungry.

You visited 1 branch of the dungeon, and saw 2 of its levels.

You collected 85 gold pieces.

Inventory:

Hand Weapons
 a - a +0 short sword of chaos (weapon)
 f - a +0 hunting sling
 t - a +0 dagger of freezing
Missiles
 g - 77 stones (quivered)
 l - 23 arrows
 p - 19 bolts
Armour
 b - a +2 leather armour (worn)
 o - a +0 ring mail
Jewellery
 e - an uncursed amulet of guardian spirit {unknown}
Scrolls
 h - a scroll of remove curse
 q - a scroll of amnesia {unknown}
 s - a scroll of fog {unknown}
 u - a scroll of teleportation {unknown}
 v - a scroll of random uselessness {unknown}
Potions
 j - a potion of brilliance {unknown}
 k - 2 potions of magic {unknown}
 m - a potion of cancellation {unknown}
 n - 2 potions of cure mutation {unknown}
 r - a potion of mutation {unknown}
Comestibles
 c - a bread ration
 d - 4 chunks of flesh
 i - a meat ration


   Skills:
 - Level 2.4 Fighting
 + Level 4.8 Short Blades
 - Level 0.7 Armour
 - Level 2.4 Dodging


You had 2 spell levels left.
You didn't know any spells.

Dungeon Overview and Level Annotations

Branches:
Dungeon (2/15)

Altars:


Message History

There is an open door here.
The kobold completely misses your butterfly.
The worm bites your butterfly.
Your butterfly dies!
The worm misses your butterfly. The ball python misses you.
The ball python closely misses you. The ball python bites you.
* * * LOW HITPOINT WARNING * * *
The ball python misses you.
You open the door.
Your butterfly disappears in a puff of smoke!
The ball python completely misses you. The ball python closely misses you.
Found a scroll labeled WANUUM MUET.
There is an open door here.
The ball python misses you. x2
Found 22 stones.
A rat comes into view.
The ball python bites you.
You die... "What!?
That's it?"

##.......## #.
##.....## #.
##...## #.###
##'## . ....# #K#
.. #.#.# #.#
..#.##.#.# ##.##
.....(.#r###...#.#
.......@S..K.?..#
.##.####.###...#.#
#.# ##.###.# ..#
### ## ####


You could see a ball python, a kobold and a rat.

Vanquished Creatures
  An adder (D:2)
  An ooze (D:1)
  A dart slug (D:1)
  2 leopard geckos (D:1)
  A giant cockroach (D:1)
  9 goblins
  6 hobgoblins
  4 jackals
  A quokka (D:2)
  6 bats
  3 frilled lizards
  3 kobolds (D:1)
  4 rats (D:1)
42 creatures vanquished.

Notes
Turn   | Place    | Note
-------+----------+-------------------------------------------
     0 | D:1      | Ice the Deep Elf Chaos Knight began the quest for the Orb.
     0 | D:1      | Reached XP level 1. HP: 13/13 MP: 3/3
     8 | D:1      | XOM: potion effect (invisibility)
    79 | D:1      | XOM: mild Hex miscast
    89 | D:1      | XOM: cloud trail
   144 | D:1      | Reached XP level 2. HP: 7/18 MP: 4/4
   379 | D:1      | Reached skill level 4 in Short Blades
   544 | D:1      | Reached XP level 3. HP: 22/22 MP: 5/5
   546 | D:1      | XOM: silly message
   555 | D:1      | XOM: silly message
  1236 | D:2      | XOM: butterfly on damage
  1239 | D:2      | XOM: butterfly on damage
  1266 | D:2      | Slain by a ball python

Skill      XL: |  1  2 |
---------------+-------+-----
Short Blades   | 4 |  4.8
Fighting       | |  2.4
Armour         | |  0.7
Dodging        | |  2.4

Action                   || total
-------------------------++-------
Melee: Short sword       ||   106
 Fire: Hunting sling     ||    41
Throw: Stone             ||     5
  Use: Potion            ||     1
       Scroll            ||     1
 Stab: Invisible         ||     3
       Sleeping          ||     1
       Confused          ||     1
  Eat: Chunk             ||     2
Armor: Leather armour    ||    40
       Ring mail         ||     2
Dodge: Dodged            ||    66
